 Dungeon Crawl Stone Soup version 0.28-a0-628-g3c9886e45e (webtiles) character file.

Game seed: 2663081084227587373

77 karkarkar the Skirmisher (level 4, -2/29 HPs)
             Began as a Gargoyle Fighter on Oct 8, 2021.
             Killed by divine providence
             ... invoked by an orc priest
              (17 damage)
             ... on level 3 of the Dungeon.
             The game lasted 00:03:23 (1994 turns).

karkarkar the Skirmisher (Gargoyle Fighter)         Turns: 1994, Time: 00:03:24

Health: -2/29      AC: 11    Str: 20    XL:     4   Next: 33%
Magic:  4/4        EV:  9    Int:  9    God:
Gold:   84         SH:  4    Dex:  9    Spells: 3/3 levels left

rFire   . . .      SeeInvis .   a - +0 war axe
rCold   . . .      Faith    .   c - +0 buckler
rNeg    + . .      Spirit   .   b - +0 scale mail
rPois   ∞          Reflect  .   (no helmet)
rElec   +          Harm     .   (no cloak)
rCorr   .          Rampage  .   h - +0 pair of gloves
Will    .....                   (no boots)
Stlth   ..........              (no amulet)
HPRegen 0.09/turn               (no ring)
MPRegen 0.09/turn               (no ring)

@: no status effects
A: sickness immunity, AC +3, negative energy resistance 1, electricity
resistance, torment resistance 1, petrification resistance
a: no special abilities


You were on level 3 of the Dungeon.
You visited 1 branch of the dungeon, and saw 3 of its levels.

You collected 84 gold pieces.

Inventory:

Hand Weapons
 a - a +0 war axe (weapon)
Missiles
 g - 2 javelins (quivered)
 j - 2 boomerangs
Armour
 b - a +0 scale mail (worn)
 c - a +0 buckler (worn)
 h - a +0 pair of gloves (worn)
Scrolls
 e - a scroll of noise
 k - a scroll of teleportation
 m - a scroll of amnesia {unknown}
Potions
 d - a potion of might
 f - a potion of lignification {unknown}
 i - a potion of degeneration {unknown}
 n - a potion of curing {unknown}
 o - a potion of heal wounds {unknown}


   Skills:
 + Level 3.9 Fighting
 + Level 2.9 Axes
 + Level 0.2 Throwing
 - Level 3.5 Armour
 + Level 0.2 Dodging
 + Level 3.8 Shields


You had 3 spell levels left.
You didn't know any spells.
Your spell library contained the following spells:

 Spells                   Type           Power      Damage    Failure   Level
 Gell's Gravitas          Tloc           0%         N/A       98%         3
 Teleport Other           Tloc           0%         N/A       98%         3
 Dispersal                Tloc           0%         N/A       100%        6


Dungeon Overview and Level Annotations

Branches:
Dungeon (3/15)

Altars:


Innate Abilities, Weirdness & Mutations

You are immune to sickness and miasma.
Your stone body is resilient. (AC +3)
You are immune to poison.
You resist negative energy. (rN+)
You are resistant to electric shocks. (rElec)
You are resistant to unholy torment.
You are immune to petrification.


Message History

No target in view!
A kobold comes into view. It is wielding a +0 short sword.
The kobold shouts!
You throw a javelin. The javelin pierces through the kobold.
You kill the kobold!
No target in view!
g - 6 javelins (gained 1)
You see here a +0 short sword.
Unknown command.
An orc comes into view. It is wielding a +0 mace.
The orc shouts!
You throw a javelin. The javelin pierces through the orc.
The orc is moderately wounded.
You hear a shout! x2
An orc priest comes into view. It is wielding a +0 club.
An orc comes into view. It is wielding a +0 flail.
You throw a javelin. The javelin barely misses the orc.
The javelin closely misses the orc priest.
The orc shouts!
An orc comes into view. It is wielding a +0 hand axe.
You throw a javelin. The javelin barely misses the orc.
The javelin pierces through the orc.
The orc is severely wounded.
The javelin pierces through the orc priest.
The orc priest is moderately wounded.
You throw a javelin. The javelin pierces through the orc.
The orc is severely wounded.
The javelin pierces through the orc!
You kill the orc!
The javelin pierces through the orc priest!
The orc priest is almost dead.
The javelin closely misses the orc.
An orc comes into view. It is wielding a +0 club.
The orc priest mumbles some strange prayers to Beogh against you.
Beogh smites you! The orc hits you but does no damage.
The orc shouts!
The orc priest calls down the wrath of Beogh upon you.
Beogh smites you!
Ouch! That really hurt!
You die...

#o. #.# #o# #o# #.#
#.# #o# #.# #@# #.#
#.# #.# #.# #.# #.#
#.# #########
##.########........


You could see an orc priest and 2 orcs.

Vanquished Creatures
  3 adders (D:2)
  2 worms (D:2)
  A dart slug (D:1)
  An orc (D:3)
  4 ball pythons
  A bat (D:1)
  3 endoplasms
  2 giant cockroaches
  3 goblins
  4 hobgoblins
  4 jackals (D:1)
  3 quokkas
  5 kobolds
  A rat (D:2)
37 creatures vanquished.

Notes
Turn   | Place    | Note
-------+----------+-------------------------------------------
     0 | D:1      | karkarkar the Gargoyle Fighter began the quest for the Orb.
     0 | D:1      | Reached XP level 1. HP: 14/14 MP: 1/1
   341 | D:1      | Reached XP level 2. HP: 14/19 MP: 2/2
   827 | D:1      | Found a faded altar of an unknown god.
   907 | D:2      | Reached XP level 3. HP: 24/24 MP: 3/3
  1423 | D:2      | Reached XP level 4. HP: 29/29 MP: 4/4
  1994 | D:3      | Killed from afar by an orc priest

Illustrated notes

Levels and vault maps discovered:
D:1:      wheals_arrival_shading, layout_basic,
          shapermc_ecumenical_altar_mp_highgroup
D:2:      layout_basic
D:3:      layout_loops_ring, tso_metal_star

Skill      XL: |  1  2 |
---------------+-------+-----
Axes           | 2 |  2.9
Fighting       | |  3.9
Throwing       | |  0.2
Armour         | |  3.5
Dodging        | |  0.2
Shields        | |  3.8

Action                   |  1- 3 |  4- 6 || total
-------------------------+-------+-------++-------
Melee: War axe           |   100 |    15 ||   115
Throw: Javelin           |     6 |     9 ||    15
  Use: Scroll            |       |     2 ||     2
Armor: Scale mail        |    67 |     8 ||    75
Dodge: Dodged            |    63 |    10 ||    73
Block: Buckler           |    20 |     2 ||    22

Table legend: (Time is in decaauts)
 A = Elapsed time spent in this place.
 B = Non-inter-level travel time spent in this place.
 C = Inter-level travel time spent in this place.
 D = Time resting spent in this place.
 E = Time spent auto-exploring this place.
 F = Levels seen in this place.
 G = Mean time per level.
                   A        B        C        D        E       F      G
               +--------+--------+--------+--------+--------+-----+--------+
         Total |   2045 |   2045 |      0 |    468 |   1193 |   3 |  681.7 |
       Dungeon |   2045 |   2045 |      0 |    468 |   1193 |   3 |  681.7 |
               +--------+--------+--------+--------+--------+-----+--------+

Top non-repeatable levels by time:
     D:2: 1071 daAuts
     D:1: 919 daAuts
     D:3: 54 daAuts
